 Dungeon Crawl Stone Soup version 0.17-a0-226-ge260c71 (webtiles) character file.

65 SPer the Insei (level 4, 0/23 HPs)
             Began as a Vine Stalker Monk on Mar 28, 2015.
             Was a Follower of Ru.
             Succumbed to Terence's poison
             ... on level 3 of the Dungeon.
             The game lasted 00:08:07 (1196 turns).

SPer the Insei (Vine Stalker Monk)                  Turns: 1196, Time: 00:08:08

Health: 0/23       AC:  3    Str: 14    XL:     4   Next: 13%
Magic:  1/5        EV: 13    Int: 10    God:    Ru [*.....]
Gold:   24         SH:  0    Dex: 17    Spells: 0 memorised, 3 levels left

rFire  . . .     SeeInvis .       - Unarmed
rCold  . . .     Clarity  .     a - +0 robe
rNeg   . . .     SustAb   .     (no shield)
rPois  .         Gourm    .     (no helmet)
rElec  .         Spirit   +     (no cloak)
rCorr  .         Warding  .     (no gloves)
rMut   .         Stasis   .     h - +0 pair of boots (curse)
MR     .....                    c - amulet of regeneration
Stlth  ++........               (no ring)
                                (no ring)

@: lethally poisoned (0 -> -5), not resistant to hostile enchantments,
unstealthy
A: fangs 2, regeneration 1, magic shield, antimagic bite, no device heal 3, rot
immunity, hated by all
a: Renounce Religion


You were on level 3 of the Dungeon.
You worshipped Ru.
Ru was aware of your devotion.
You were very hungry.

You visited 1 branch of the dungeon, and saw 3 of its levels.

You collected 24 gold pieces.

Inventory:

Armour
 a - a +0 robe (worn)
 h - a cursed +0 pair of boots (worn)
Jewellery
 c - an amulet of regeneration (around neck)
Scrolls
 f - a scroll of amnesia {unknown}
 k - 3 scrolls of identify {unknown}
 l - a scroll of random uselessness {unknown}
 m - a scroll of recharging {unknown}
 p - a scroll of teleportation {unknown}
Potions
 e - a potion of cancellation {unknown}
 g - 2 potions of mutation {unknown}
 i - a potion of invisibility {unknown}
 j - a potion of curing {unknown}
 n - a potion of restore abilities {unknown}
Comestibles
 b - 2 bread rations
 d - a meat ration
 o - a beef jerky


   Skills:
 - Level 2.6 Fighting
 + Level 3.1 Dodging
 - Level 2.4 Stealth
 + Level 5.0 Unarmed Combat


You had 3 spell levels left.
You didn't know any spells.

Dungeon Overview and Level Annotations

Branches:
Dungeon (3/15)

Altars:
Ru

Annotations:
D:3 Terence


Innate Abilities, Weirdness & Mutations

You have extremely sharp teeth.
Your natural rate of healing is unusually fast.
When hurt, damage is shared between your health and your magic reserves.
Your bite disrupts and absorbs the magic of your enemies.
Potions and wands cannot restore your health.
You are immune to rotting.
You are hated by all.


Message History

You feel stronger. The gnoll closely misses you.
The gnoll shouts!
Terence shouts, "Now you die!"
Terence hits you from afar with a trident of venom.
You are poisoned.
The gnoll barely misses you.
You see here a spear.
You barely miss the gnoll. You bite the gnoll. You drain its power.
You feel invigorated.
The gnoll is lightly wounded.
You feel sick. The gnoll hits you with a spear!
Terence hits you from afar with a trident of venom.
* * * LOW HITPOINT WARNING * * *
You are lethally poisoned!
* * * LOW HITPOINT WARNING * * *
You feel sick.
The gnoll hits you from afar with a spear.
* * * LOW HITPOINT WARNING * * *
You die...

### #.###############
#..@..†.........#
#####)#############.#
#.g@g.# #.# #)#####
#.# #.# #.# #g#
########.#### .@.
...[......... ##.##
########.#.#. #.#
#.#.#.


You could see Terence and a gnoll.

Vanquished Creatures
  2 gnolls (D:3)
  An adder (D:3)
  A worm (D:2)
  5 hobgoblins (D:1)
  A kobold (D:1)
  4 bats
  2 giant geckos (D:1)
  6 giant newts
  2 goblins (D:1)
  7 rats
31 creatures vanquished.

Notes
Turn   | Place    | Note
--------------------------------------------------------------
     0 | D:1      | SPer, the Vine Stalker Monk, began the quest for the Orb.
     0 | D:1      | Reached XP level 1. HP: 11/11 MP: 1/1
   105 | D:1      | Reached XP level 2. HP: 13/16 MP: 3/3
   810 | D:2      | Found a sacrificial altar of Ru.
   816 | D:2      | Reached XP level 3. HP: 19/19 MP: 4/4
   824 | D:2      | Became a worshipper of Ru the Awakened
   828 | D:2      | Gained mutation: You are hated by all. [Ru sacrifice]
   828 | D:2      | Acquired Ru's first power
  1173 | D:3      | Noticed Terence
  1192 | D:3      | Reached skill level 5 in Unarmed Combat
  1192 | D:3      | Reached XP level 4. HP: 15/23 MP: 5/5
  1196 | D:3      | Succumbed to Terence's poison

Action                   |  1- 3 |  4- 6 || total
-------------------------+-------+-------++-------
Melee: Unarmed           |   103 |     1 ||   104
Invok: Sacrifice Love    |     1 |       ||     1
 Stab: Sleeping          |     2 |       ||     2
